[Event "GCT Superbet Rapid Poland 2025"]
[Site "Warsaw"]
[Date "2025.04.27"]
[Round "6.4"]
[White "Firouzja, Alireza"]
[Black "Aronian, Levon"]
[Result "1/2-1/2"]
[ECO "C02"]
[WhiteElo "2757"]
[BlackElo "2747"]
[Annotator "TA"]
[PlyCount "121"]
[EventDate "2025.??.??"]
[EventType "rapid"]
[TimeControl "1500+10"]

1. e4 e6 2. d4 d5 3. e5 c5 4. c3 Nc6 5. Nf3 Bd7 6. Be2 Nge7 7. O-O Nf5 8. dxc5 $1 {[%emt 0:00:06] 8.dxc5 is better than 8.Bd3.} Bxc5 9. Bd3 {[%emt 0:00:24] C02: French: Advance Variation.} O-O 10. b4 Bb6 11. a4 {[%emt 0:00:06] White is slightly better.} ({RR} 11. Re1 Rc8 12. a3 a5 13. h3 axb4 14. axb4 Ra8 15. Rxa8 Qxa8 16. b5 Na5 17. Bf4 Qa7 18. Re2 Rc8 19. Ra2 Bc5 20. Re2 Bb6 21. Ra2 Bc5 22. c4 b6 23. cxd5 exd5 24. Nc3 Bxf2+ 25. Rxf2 Rxc3 {Ganguly,S (2572)-Soozankar,A (2165) Bangkok THA 2025 1-0}) 11... a6 12. Na3 $146 (12. Nbd2 Nh4 13. Nxh4 Qxh4 14. Nf3 Qh5 15. Bf4 f6 16. exf6 Rxf6 17. Bg3 Raf8 18. b5 axb5 19. axb5 {1-0 Nepomniachtchi,I (2770)-Abdusattorov,N (2769) Chess.com SpeedChess blitz 2024 (1.9)}) ({RR} 12. Ba3 Nce7 13. Nbd2 Qe8 14. Bb2 Rc8 15. c4 Ba7 16. b5 dxc4 17. Nxc4 axb5 18. axb5 Bc5 19. Nd6 Nxd6 20. exd6 Ng6 21. Rb1 f6 22. Qd2 e5 23. Rfe1 Nf4 24. Be4 b6 25. Bd4 Kh8 26. Bxc5 Rxc5 {Shirov,A (2668)-Komarov,D (2493) Calgary CAN 2023 ½-½ (88)}) ({RR} 12. Nbd2 Nh4 13. Nxh4 Qxh4 14. Nf3 Qh5 15. Bf4 f6 16. exf6 Rxf6 17. Bg3 Raf8 18. b5 axb5 19. axb5 Na5 20. Ra4 h6 21. Rh4 Qe8 22. Be5 Rxf3 23. gxf3 Bd8 24. Rg4 Bf6 25. Re1 Bxb5 26. Bb1 Nc4 {Nepomniachtchi,I (2770)-Abdusattorov,N (2769) chess.com INT 2024 1-0 (79)}) ({RR} 12. Ba3 Nce7 13. Nbd2 Qe8 14. Bb2 Rc8 15. c4 Ba7 16. b5 dxc4 17. Nxc4 axb5 18. axb5 Bc5 19. Nd6 Nxd6 20. exd6 Ng6 21. Rb1 f6 22. Qd2 e5 23. Rfe1 Nf4 24. Be4 b6 25. Bd4 Kh8 26. Bxc5 Rxc5 {Shirov,A (2668)-Komarov,D (2493) Calgary CAN 2023 ½-½ (88)}) 12... Rc8 13. Re1 Nce7 14. Bd2 Ng6 15. Bg5 {[%emt 0:02:52] Dodges Nfh4} (15. a5 $11 Ba7 16. g3) 15... Qe8 (15... f6 $15 16. exf6 gxf6) 16. a5 $11 Ba7 17. Qd2 {[%emt 0:00:27] [#]} (17. Bd2 $11) 17... d4 $2 {[%emt 0:02:33] [#]} (17... f6 $1 $17 {[%cal Rf6g5] keeps the pressure on.} 18. exf6 gxf6) 18. c4 $1 $16 {[%emt 0:05:00] White is more active.} Bc6 {[%emt 0:00:03] White has space advantage and is better} 19. Be4 (19. Qd1 $14) 19... Bxe4 $11 20. Rxe4 f6 $1 $36 {[%emt 0:00:03][%mdl 2048] Black has the initiative.} 21. Bf4 $1 Bb8 (21... Nxf4 {seems wilder.} 22. Rxf4 fxe5 23. Nxe5 Bb8) 22. c5 Nxf4 23. Rxf4 fxe5 24. Re4 Qg6 ({But not} 24... Qc6 25. Qd3 $16) 25. Qg5 ({Better is} 25. Nxe5 $14 Bxe5 26. Rxe5) 25... Qxg5 $15 26. Nxg5 h6 27. Nf3 Ne7 $1 28. Nc4 Nd5 29. Ncxe5 Bxe5 30. Nxe5 Nxb4 {[%emt 0:00:38][%cal Of8d8] ...Rfd8! is the strong threat.} 31. Rb1 Nc6 32. Rxb7 Nxe5 33. Rxe5 $17 {[%emt 0:00:03][%cal Og1f1][%mdl 4096] Endgame KRR-KRR} d3 34. Kf1 Rf5 35. Rxf5 exf5 $15 {[%emt 0:00:01] KR-KR} 36. Rd7 Rxc5 37. Rxd3 Rxa5 38. Rd6 f4 (38... Kf7 $17) 39. Ke2 Ra3 40. h4 Kf7 (40... a5 $17) 41. Rd4 $1 $11 {[%emt 0:00:22] [#]} f3+ $1 42. gxf3 Ra5 43. Rd7+ {[%emt 0:00:48] The position is equal.} Kf6 44. f4 h5 45. Kf3 g6 46. Ke4 Ra4+ 47. Kf3 a5 48. Rd6+ Kf5 49. Rd5+ Ke6 50. Rb5 Ra3+ 51. Ke4 Ra2 52. Rb6+ Kf7 53. Rb7+ Kf6 54. Rb6+ Kg7 55. Kf3 a4 56. Rb7+ Kh6 57. Ra7 Ra3+ 58. Kg2 Ra2 59. Kf3 Ra3+ 60. Kg2 Ra2 61. Kf3 {[%emt 0:00:01] Weighted Error Value: White=0.12 (very precise) /Black=0.11 (very precise) Mistake: 	White=4 	Black=4 Inaccurate: 	White=2 	Black=1 OK: 	White=23 	Black=18 Best: 	White=1 	Black=6 Strong: 	White=3 	Black=2} 1/2-1/2

[Event "GCT Superbet Rapid Poland 2025"]
[Site "Warsaw"]
[Date "2025.04.27"]
[Round "6.5"]
[White "Topalov, Veselin"]
[Black "Praggnanandhaa R"]
[Result "1-0"]
[ECO "B12"]
[WhiteElo "2717"]
[BlackElo "2758"]
[Annotator "TA"]
[PlyCount "78"]
[EventDate "2025.??.??"]
[EventType "rapid"]
[TimeControl "1500+10"]

1. e4 c6 2. d4 d5 3. e5 Bf5 4. Nf3 e6 5. Be2 a5 6. a4 {[%emt 0:00:16] B12: Caro-Kann: Advance Variation.} Nd7 7. O-O f6 8. Bd3 {[%emt 0:00:16] White is slightly better.} ({RR} 8. Bf4 Ne7 9. exf6 Nxf6 10. Bd3 Ng6 11. Bg3 Bd6 12. Re1 O-O 13. Nbd2 Bxg3 14. hxg3 Ng4 15. Nb3 b6 16. Qe2 Qf6 17. Bxf5 exf5 18. Qe6+ Qxe6 19. Rxe6 Rf6 20. Rae1 Rxe6 21. Rxe6 Rc8 22. Nc1 f4 {Firouzja,A (2760)-Carlsen,M (2830) chess.com INT 2024 1-0 (49)}) ({RR} 8. Re1 fxe5 9. dxe5 Bc5 10. Nd4 Ne7 11. Bh5+ g6 12. Bf3 O-O 13. c3 Qb8 14. Qe2 Bxd4 15. cxd4 c5 16. Bh6 Nc6 17. dxc5 Rf7 18. Nc3 Ndxe5 19. Rad1 Nxf3+ 20. gxf3 b6 21. cxb6 Qxb6 22. Nb5 Qd8 {Xiong,J (2636)-Bardyk,A (2249) chess.com INT 2025 0-1 (35)}) 8... Bxd3 9. Qxd3 fxe5 $146 ({RR} 9... f5 10. Ng5 Qe7 11. b3 h6 12. Nh3 Qf7 13. c4 Nb6 14. Nc3 Bb4 15. cxd5 Nxd5 16. Nxd5 cxd5 17. Nf4 Ne7 18. Qb5+ Nc6 19. Nd3 O-O 20. Bb2 f4 21. f3 Bd2 22. Kh1 Be3 23. Nc5 Nxd4 24. Qxb7 {Bodnaruk,A (2333)-Pham Le Thao Nguyen (2380) FIDE Online Arena INT 2024 0-1 (43)}) ({RR} 9... f5 10. Ng5 Qe7 11. b3 h6 12. Nh3 Qf7 13. c4 Nb6 14. Nc3 Bb4 15. cxd5 Nxd5 16. Nxd5 cxd5 17. Nf4 Ne7 18. Qb5+ Nc6 19. Nd3 O-O 20. Bb2 f4 21. f3 Bd2 22. Kh1 Be3 23. Nc5 Nxd4 24. Qxb7 {Bodnaruk,A (2333)-Pham Le Thao Nguyen (2380) FIDE Online Arena INT 2024 0-1 (43)}) 10. dxe5 Qc7 11. Qe2 Ne7 12. Nd4 $146 (12. Re1 Nc5 13. Nd4 Nf5 14. Nxf5 exf5 15. e6 Be7 16. Qh5+ g6 17. Qh6 O-O-O 18. Bf4 {½-½ Bodnaruk,A (2333)-Charochkina,D (2323) RUS-chT Rapid (Women) 2024 (3.1)}) 12... Qxe5 13. Qxe5 Nxe5 14. Nxe6 Kd7 {[%emt 0:00:14][%cal Be8d7,Bd7c8,Bc8c7][%mdl 32] Inhibits Nc7.} 15. Nc5+ Kc8 16. Ne6 Nf5 17. Nxf8 Rxf8 18. Re1 Ng6 19. Ra3 Nd4 20. Rc3 Kc7 21. Bd2 Rf7 (21... Rae8 $11 22. Rh3 Rxe1+ (22... Nxc2 23. Rxe8 Rxe8 24. Rxh7 $11) 23. Bxe1 Kb6 (23... Nxc2 24. Bxa5+ b6 25. Rxh7 $11)) 22. Na3 $14 Nf5 23. Rh3 h6 24. c4 Rd7 {[%emt 0:01:11] White now steadily converts the win.} 25. Rf3 Ngh4 26. Rd3 Ne7 (26... b6 $142) 27. Bc3 Nhf5 28. Be5+ Kb6 29. g4 $36 {[%emt 0:01:57][%mdl 2048] White has strong initiative.} Nh4 30. Bg3 ({Resist} 30. Bxg7 Rg8 31. Bd4+ (31. Bxh6 Nef5 $14) 31... Ka6 $16) 30... Nhg6 31. f4 {[%emt 0:00:13] White is more active.} Nf8 {[%emt 0:00:16] [#]} (31... Ka6 $16 32. f5 Nf8) 32. Rde3 $1 $18 Ng8 33. cxd5 Rxd5 34. Rb3+ Ka6 {[%emt 0:00:02] [#]} 35. Bf2 $1 Nd7 {[%emt 0:00:04] Prevents Rb6+.} 36. Nc4 {[%emt 0:00:45] Nb6 would now be deadly.} b5 $2 (36... Rd8 37. Nb6 Ngf6) 37. axb5+ Rxb5 {[%emt 0:00:02] Black is weak on the dark squares} 38. Rd3 (38. Ra3 $142 Rf8 39. Rea1) 38... Ndf6 $2 (38... Ngf6 {keeps fighting.} 39. Ra1 Rb4) 39. Re6 Nxg4 $2 {[%emt 0:00:13] Weighted Error Value: White=0.10 (very precise) /Black=0.28 (precise) Mistake: 	White=1 	Black=6 Inaccurate: 	White=1 	Black=2 OK: 	White=15 	Black=11 Best: 	White=4 	Black=3 Strong: 	White=2 	---} (39... Re8 40. Rxc6+ Kb7) 1-0

[Event "GCT Superbet Rapid Poland 2025"]
[Site "Warsaw"]
[Date "2025.04.28"]
[Round "7.1"]
[White "Deac, Bogdan-Daniel"]
[Black "Gavrilescu, David"]
[Result "1/2-1/2"]
[ECO "E04"]
[WhiteElo "2668"]
[BlackElo "2554"]
[Annotator "TA"]
[PlyCount "69"]
[EventDate "2025.??.??"]
[EventType "rapid"]
[TimeControl "1500+10"]

1. Nf3 d5 2. g3 c5 3. Bg2 Nc6 4. d4 Nf6 5. O-O e6 6. c4 dxc4 7. Qa4 Bd7 8. Qxc4 cxd4 9. Nxd4 Rc8 10. Nc3 Nxd4 11. Qxd4 Bc5 12. Qh4 Bc6 {[%emt 0:00:13] E04: Open Catalan: 5 Nf3.} 13. Bxc6+ Rxc6 14. Bg5 {[%emt 0:00:20] [#] and Rfd1 would now be decisive} ({RR} 14. Rd1 Qa5 15. Bg5 Be7 16. Rac1 h6 17. Ne4 Rxc1 18. Rxc1 Nxe4 19. Bxe7 Qd2 20. Bg5 Nxg5 21. Rc8+ Ke7 22. Rxh8 Qxe2 23. Qb4+ Kf6 24. Qf4+ Kg6 25. Kg2 e5 26. Qe3 Qxb2 27. h4 Ne6 28. Qe4+ Kf6 {Carlsen,M (2835)-Duda,J (2732) Zagreb CRO 2023 1-0 (32)}) ({RR} 14. Rd1 Qa5 15. Bg5 Be7 16. Ne4 Qe5 17. Nxf6+ Bxf6 18. Bxf6 Qxf6 19. Qxf6 gxf6 20. Rac1 Rxc1 21. Rxc1 Kd7 22. Kg2 Rg8 23. Rc4 Rg5 24. Rh4 h5 25. Rf4 Ke7 26. Kf3 Rc5 27. Ke3 a5 28. Kd3 b5 {Kobo,O (2539)-Samunenkov,I (2523) Czech Republic CZE 2025 ½-½ (43)}) 14... Qd4 {[%emt 0:00:26] The position is equal.} 15. Rad1 Qxh4 16. Bxh4 Be7 $146 (16... Rg8 17. Bxf6 gxf6 18. Rd3 Ke7 19. Rfd1 Rd6 20. Ne4 Rxd3 21. Rxd3 Bb6 22. Kg2 Rc8 {0-1 Siembab,B (2206)-Tofil,B (2138) Perla Baltyku op-A 3rd 2007 (9)}) ({RR} 16... Rg8 17. Bxf6 gxf6 18. Rd3 Ke7 19. Rfd1 Rd6 20. Ne4 Rxd3 21. Rxd3 Bb6 22. Kg2 Rc8 23. Rb3 f5 24. Nc3 Rc7 25. Kf3 Rd7 26. Na4 Rd6 27. Nxb6 Rxb6 28. Rxb6 axb6 29. Ke3 e5 30. Kd3 b5 31. Kc3 {Siembab,B (2206)-Tofil,B (2138) Mielno 2007 0-1 (40)}) 17. Bg5 h6 18. Bf4 O-O {[%emt 0:02:12] The position is symmetric and equal} 19. Rd3 Rd8 20. Rxd8+ Bxd8 21. Rc1 Bc7 22. Bxc7 Rxc7 $11 {[%emt 0:00:02][%mdl 4096] Endgame KRN-KRN} 23. Rd1 Kf8 24. f3 Ke7 25. Kf2 a6 26. Rd4 Nd7 27. Ke1 Ne5 28. Rd1 Nc4 29. Rc1 Rc6 (29... Nxb2 30. Nd5+ exd5 31. Rxc7+ Ke6 32. Rxb7 $18) 30. b3 Na3 31. Kd2 Rd6+ 32. Ke1 Rc6 33. Kd2 Rd6+ 34. Ke1 Rc6 35. Kd2 {[%emt 0:00:04] Weighted Error Value: White=0.03 (flawless) /Black=0.04 (flawless) Inaccurate: 	White=1 	--- OK: 	White=9 	Black=9} 1/2-1/2

[Event "GCT Superbet Rapid Poland 2025"]
[Site "Warsaw"]
[Date "2025.04.28"]
[Round "7.2"]
[White "Praggnanandhaa R"]
[Black "Fedoseev, Vladimir"]
[Result "1/2-1/2"]
[ECO "D06"]
[WhiteElo "2758"]
[BlackElo "2739"]
[Annotator "TA"]
[PlyCount "79"]
[EventDate "2025.??.??"]
[EventType "rapid"]
[TimeControl "1500+10"]

1. d4 d5 2. Nf3 c5 3. c4 cxd4 4. cxd5 Nf6 5. Qxd4 Qxd5 6. Nc3 Qxd4 7. Nxd4 a6 8. g3 e5 9. Nb3 Bd7 {[%emt 0:01:18] D06: Queen's Gambit: Symmetrical and Baltic Defences.} 10. Bg2 Bc6 11. O-O Bb4 {[%emt 0:00:01] White is slightly better.} 12. Bd2 ({RR} 12. Bg5 Bxc3 13. Bxf6 gxf6 14. bxc3 Bxg2 15. Kxg2 Nd7 16. Rfd1 Ke7 17. Na5 Nc5 18. Rd5 Rac8 19. Rb1 Rhd8 20. c4 Rc7 21. Rb6 Rdc8 22. Nb3 Ne4 23. Na5 Nc5 24. Nb3 Na4 25. Rb4 Nc3 26. Rd2 f5 {Vitiugov,N (2734)-Mamedyarov,S (2753) Khanty-Mansiysk 2013 ½-½ (46)}) 12... Bxg2 13. Kxg2 Nc6 14. Rfd1 $146 ({RR} 14. Rac1 O-O 15. a3 Bxc3 16. Bxc3 Ne4 17. Rfd1 Rfd8 18. Be1 Rxd1 19. Rxd1 Rd8 20. Rc1 f6 21. f3 Nd6 22. Bf2 Rc8 23. Bc5 Nb5 24. Bb6 Ne7 25. Bc5 Nc6 26. e3 Rd8 27. a4 Nc7 28. Rc2 Ne6 {Kojima,S (2368)-Juhasz,A (2185) Kecskemet 2013 ½-½ (33)}) ({RR} 14. Rac1 h6 15. a3 Bxc3 16. Bxc3 Ke7 17. Nc5 Rab8 18. Rfd1 a5 19. f4 exf4 20. gxf4 Rhd8 21. Rxd8 Kxd8 22. Rd1+ Kc7 23. Bxf6 gxf6 24. Rd7+ Kb6 25. Ne4 Re8 26. Nc3 Kc5 27. Rxb7 Re7 28. Rxe7 Nxe7 {Lalith,B (2533)-Bernadskiy,V (2546) Figueira da Foz POR 2023 1-0 (46)}) ({RR} 14. Rac1 O-O-O 15. a3 Bxc3 16. Bxc3 Rd5 17. Na5 Nxa5 18. Bxa5+ Kd7 19. b4 Ke6 20. Bb6 Rd6 21. Be3 Rhd8 22. a4 Ng4 23. Ba7 f5 24. Rc7 R8d7 25. Rc8 Rd8 26. Rfc1 Nf6 27. R1c7 Rxc8 28. Rxc8 Rd2 {Krasenkow,M (2616)-Landa,K (2624) Vlissingen 2015 ½-½ (36)}) 14... O-O-O 15. a3 Bxc3 16. Bxc3 Rxd1 $146 (16... Ne4 17. Be1 b6 18. f3 {½-½ Wojtkiewicz,A (2570)-Johansen,D (2495) Sonnevanck 3rd 1993 (1)}) 17. Rxd1 Ne4 18. Be1 Rd8 19. Rc1 Kb8 20. g4 Rd5 21. f3 Rb5 22. Na1 Ng5 23. b4 Nd4 24. Bd2 Nxe2 25. Bxg5 Nxc1 26. Bxc1 Rd5 27. Kf2 Rd1 {[%emt 0:00:15][%mdl 1024] Black has compensation.} 28. Nb3 Kc7 29. Ke3 Rh1 30. Ke4 {[%emt 0:00:01] The position is equal.} f6 31. f4 Rxh2 {[%emt 0:02:01] With the idea ...Re2+.} 32. fxe5 fxe5 ({Much worse is} 32... Re2+ 33. Kf3 Rc2 (33... Rxe5 $2 {too greedy.} 34. Bf4 $18) 34. Bf4 Rc3+ 35. Ke4 $14) 33. Kxe5 h5 34. gxh5 Rxh5+ 35. Ke4 b6 36. Nd4 Kd7 37. Nf3 Kc6 38. Nd4+ Kd7 39. Nf3 Kc6 40. Nd4+ {[%emt 0:01:28] Weighted Error Value: White=0.05 (flawless) /Black=0.05 (flawless) Inaccurate: 	--- 	Black=1 OK: 	White=8 	Black=18 Best: 	White=3 	---} 1/2-1/2

[Event "GCT Superbet Rapid Poland 2025"]
[Site "Warsaw"]
[Date "2025.04.28"]
[Round "7.3"]
[White "Vachier-Lagrave, Maxime"]
[Black "Firouzja, Alireza"]
[Result "1/2-1/2"]
[ECO "C95"]
[WhiteElo "2722"]
[BlackElo "2757"]
[Annotator "TA"]
[PlyCount "105"]
[EventDate "2025.??.??"]
[EventType "rapid"]
[TimeControl "1500+10"]

1. e4 e5 2. Nf3 Nc6 3. Bb5 a6 4. Ba4 Nf6 5. O-O Be7 6. Re1 b5 7. Bb3 d6 8. c3 O-O 9. h3 Nb8 10. d4 Nbd7 11. Nbd2 Bb7 12. Bc2 Re8 13. Nf1 Bf8 14. Ng3 g6 15. a4 Bg7 16. d5 Qb8 {[%emt 0:00:08] C95: Closed Ruy Lopez: Breyer Variation with 10 d4.} 17. b4 c6 18. dxc6 Bxc6 19. axb5 ({RR} 19. Bb3 h6 20. Bd2 Qb7 21. Qc2 d5 22. exd5 Nxd5 23. Ne4 Bf8 24. Rad1 f5 25. Bxh6 bxa4 26. Bxd5+ Bxd5 27. Bxf8 fxe4 28. Ng5 Nxf8 29. c4 Rac8 30. Rxd5 Qxd5 31. Nxe4 Rxc4 32. Nf6+ Kf7 33. Nxd5 Rxc2 {Kujawski,A (2111)-Gemy,J (2311) chess.com INT 2024 0-1 (33)}) 19... Bxb5 $146 ({RR} 19... axb5 20. Rxa8 Bxa8 21. Bb3 Nb6 22. Bg5 h6 23. Bxf6 Bxf6 24. h4 h5 25. Qd3 Bc6 26. Ng5 Bxg5 27. hxg5 Qc7 28. Nf1 Rd8 29. Ne3 Qb7 30. Rd1 Bxe4 31. Qxb5 Bc6 32. Qd3 Be4 33. Qb5 Bc6 34. Qd3 {Zhornik,N (2280)-Tarlev,K (2363) Kharkov 2004 1-0 (39)}) ({RR} 19... axb5 20. Rxa8 Bxa8 21. Bb3 Nb6 22. Qd3 Rc8 23. Bg5 Nc4 24. Nd2 Qc7 25. Bxc4 bxc4 26. Qe2 Nd7 27. Ra1 d5 28. exd5 Bxd5 29. Ra5 Qc6 30. Nge4 f6 31. Bh4 f5 {½-½ (31) Vachier Lagrave,M (2742)-Amin,B (2691) Chartres FRA 2023}) ({RR} 19... axb5 20. Rxa8 Bxa8 21. Bb3 Nb6 22. Bg5 h6 23. Bxf6 Bxf6 24. Qd3 Bc6 25. Nh2 Bg7 26. Rd1 Rd8 27. Ng4 h5 28. Ne3 h4 29. Ne2 Qa8 30. Nd5 Nxd5 31. Bxd5 Bf8 32. c4 Bxd5 33. cxd5 Qa4 34. Qd2 {Tuncer,T (1996)-Can,M (2034) Kocaeli 2014 0-1 (51)}) 20. Bb3 Rc8 $146 (20... Nb6 21. Bg5 Qc7 22. Rc1 Nc4 23. Nd2 h6 24. Nxc4 Bxc4 25. Be3 d5 26. Bc5 Bxb3 27. Qxb3 {½-½ Soobik,M (2306)-Kraujunas,V (2139) Baltic Club-chT email 2005}) 21. Ng5 Bc4 22. h4 h6 23. Nf3 Bxb3 24. Qxb3 Nc5 (24... a5 {seems wilder.} 25. h5 g5 26. Nf5 a4) 25. Qd1 Ne6 26. Ra3 Nf4 27. Bxf4 exf4 28. Nf1 Ng4 29. Qd3 Ra7 30. N1h2 h5 31. Nxg4 hxg4 32. Nh2 {[%emt 0:00:01] [#]} g3 33. fxg3 fxg3 34. Qxg3 Rac7 35. Rxa6 Bxc3 36. Rf1 Qxb4 37. Nf3 Qc5+ {[%emt 0:01:53] Strong Square Black (c3)} 38. Rf2 Qe3 39. Kh2 Rc6 40. Ra4 (40. Rxc6 $15 Rxc6 41. h5) 40... Bg7 ({Black should play} 40... Re8 $17) 41. Rfa2 Rc3 {[%emt 0:01:26][%cal Og7e5] ...Be5! would now be deadly.} 42. Qg5 {[%emt 0:01:24] [#]} (42. Qxd6 $11 Re8 43. Ra8 Qxe4 44. R2a4 Qxa8 45. Rxa8 Rxa8 46. Ng5) 42... Be5+ 43. Nxe5 $11 {[%emt 0:00:01] The position is equal.} Qxg5 44. hxg5 dxe5 {[%emt 0:00:01][%mdl 4096] Endgame KRR-KRR} 45. Ra5 R3c5 46. Rxc5 Rxc5 {[%emt 0:00:01] KR-KR} 47. Ra8+ Kg7 48. Kg3 Rc3+ 49. Kf2 Rc2+ 50. Kf3 Rc3+ 51. Kf2 Rc2+ 52. Kf3 Rc3+ 53. Kf2 {[%emt 0:00:00] Weighted Error Value: White=0.11 (very precise) /Black=0.09 (flawless) Mistake: 	White=2 	Black=2 Inaccurate: 	White=2 	Black=1 OK: 	White=16 	Black=13 Best: 	White=1 	Black=2 Brilliant: 	--- 	Black=1} 1/2-1/2

[Event "GCT Superbet Rapid Poland 2025"]
[Site "Warsaw"]
[Date "2025.04.28"]
[Round "7.4"]
[White "Aravindh, Chithambaram VR."]
[Black "Duda, Jan-Krzysztof"]
[Result "1-0"]
[ECO "C67"]
[WhiteElo "2749"]
[BlackElo "2739"]
[Annotator "TA"]
[PlyCount "71"]
[EventDate "2025.??.??"]
[EventType "rapid"]
[TimeControl "1500+10"]

1. e4 e5 2. Nf3 Nc6 3. Bb5 Nf6 4. O-O Nxe4 5. d4 Nd6 6. Ba4 {[%emt 0:00:02][%mdl 1024] White has compensation. C67: Ruy Lopez: Berlin Defence: 4 0-0 Nxe4.} e4 7. Re1 Be7 8. Ne5 {[%emt 0:00:03] The position is equal.} b5 ({RR} 8... O-O 9. Nc3 f5 10. Bf4 Nxe5 11. dxe5 Nf7 12. Bb3 Kh8 13. Bxf7 Rxf7 14. Qh5 Kg8 15. Nd5 d6 16. Rad1 Be6 17. Nxe7+ Qxe7 18. exd6 cxd6 19. Rxd6 Rd8 20. Red1 Rxd6 21. Rxd6 Rf8 22. Qd1 Re8 23. Qd4 {Erigaisi,A (2797)-Vidit,S (2726) London ENG 2024 1-0 (51)}) ({RR} 8... O-O 9. Nc3 Nf5 10. Rxe4 Nxe5 11. dxe5 d6 12. Bf4 c6 13. exd6 Bxd6 14. Bxd6 Qxd6 15. Bb3 Qg6 16. Ne2 Nd6 17. Rd4 Nb5 18. Rd8 Bg4 19. Rxa8 Rxa8 20. Qd2 Re8 21. Re1 Qd6 22. Qxd6 Nxd6 23. f3 {Gilfanov,M (2376)-Afanasiev,N (2518) Moscow RUS 2025 ½-½ (32)}) 9. Bb3 Na5 $1 10. Bxf7+ $146 ({RR} 10. Nc3 Nxb3 11. axb3 O-O 12. Nxe4 Nxe4 13. Rxe4 Bb7 14. d5 Bf6 15. Ng4 Bg5 16. Bxg5 Qxg5 17. Ne3 f5 18. f4 Qf6 19. Rd4 a6 20. b4 Rae8 21. Qd2 Re4 22. Rxe4 fxe4 23. g3 Qxb2 24. Rd1 d6 {Sulskis,S (2527)-Aleksandrov,A (2614) Warsaw 2007 ½-½ (54)}) ({RR} 10. Nc3 Nxb3 11. axb3 O-O 12. Nxe4 Nxe4 13. Rxe4 Bb7 14. d5 f6 15. Nf3 f5 16. Re2 Bf6 17. c4 c6 18. Be3 bxc4 19. bxc4 cxd5 20. cxd5 a5 21. Bd4 Ra6 22. Qb3 Bxd4 23. Nxd4 Rb6 24. Qc3 Qf6 {Mihok,O (2544)-Sipos,I (2460) Slovakia 2018 ½-½ (47)}) ({RR} 10. Bd5 c6 11. Bxe4 Nxe4 12. Rxe4 d6 13. Nf3 O-O 14. b3 Bf5 15. Re2 Re8 16. Bf4 Qd7 17. Qd2 Nb7 18. Nc3 Bf8 19. Rae1 f6 20. d5 c5 21. h3 Bg6 22. Ne4 b4 23. Nh4 Bf7 24. g4 Kh8 {Caruana,F (2764)-Artemiev,V (2701) chess.com INT 2023 ½-½ (75)}) 10... Nxf7 $17 11. Nxf7 Kxf7 12. Qh5+ Kf8 13. Nc3 Bb7 $146 ({Black should try} 13... a6 $17 {...Qe8 is the strong threat.} 14. Rxe4 Bb7) (13... Qe8 14. Qxb5 Nc6 15. Rxe4 Rb8 16. Qe2 Qf7 17. d5 Nd8 18. Bf4 Rb4 19. Bxc7 Rxe4 20. Qxe4 {1-0 Erigaisi,A (2801)-Wei,Y (2755) Chessable Masters Winners rapid 2025 (2.1)}) 14. Nxe4 Qe8 15. Qxb5 d5 $1 16. Qxa5 dxe4 17. Qxc7 Qc8 18. Qg3 Qxc2 19. Bg5 Bxg5 (19... Qxb2 $2 20. Bxe7+ Kxe7 21. Qxg7+ (21. Rab1 Qxb1 22. Qxg7+ Kd6 $18) 21... Kd6 22. Rab1 $18) 20. Qxg5 Qc4 (20... Qxb2 $2 21. Qc5+ Kg8 22. Reb1 $18) (20... Qc6 $17 21. Rac1 Qd6) 21. Rac1 $36 {[%emt 0:02:28][%cal Ba1c1,Bc1c5,Bc5f5,Bf5e5][%mdl 2080] Strong Rooks White (c1+e1) White fights for an advantage.} Qd5 (21... Qxa2 $2 22. Rc7 $18) 22. Qg3 h5 $2 {[%emt 0:02:19] [#] Black cannot hold the game after this.} (22... Qxa2 $2 {is the wrong capture.} 23. Rc7 $18) (22... Rc8 $1 $14) 23. Rc5 $1 $18 Qxd4 (23... Qd7 24. Rc7 Qxd4 25. Rxb7 Rh6 26. Rb8+ Rxb8 27. Qxb8+ Kf7 28. Qb7+ Kg8 29. Qxe4 (29. Rxe4 $2 {leads to mate.} Qd1+) (29. Qa8+ Kh7 $18) 29... Qxe4 30. Rxe4 Rb6) 24. Rf5+ Ke8 25. Qc7 Bd5 26. Qd6 {[%emt 0:02:09] Wards off Rh6} Rd8 27. Re5+ Kf7 28. Re7+ Kg8 29. Qxd8+ Kh7 30. Re8 {[%emt 0:00:29] White is clearly winning.} Rxe8 31. Qxe8 {[%emt 0:00:02] KQR-KQB} Kh6 32. Qb5 h4 33. h3 g5 34. Qa6+ Kg7 35. Qe2 Bxa2 36. Qe3 {[%emt 0:02:25] Weighted Error Value: White=0.38/Black=0.46 Loses game: 	--- 	Black=1 Mistake: 	White=1 	Black=3 Inaccurate: 	White=2 	Black=2 OK: 	White=11 	Black=10 Best: 	White=4 	Black=4 Strong: 	White=1 	Black=2} 1-0